 Dungeon Crawl Stone Soup version 0.18-a0-1797-gc18daef (webtiles) character file.

124 macross the Ducker (level 4, -6/37 HPs)
             Began as a Demigod Gladiator on Apr 23, 2016.
             Mangled by an iguana (13 damage)
             ... on level 4 of the Dungeon.
             The game lasted 00:11:53 (3892 turns).

macross the Ducker (Demigod Gladiator)              Turns: 3892, Time: 00:11:54

Health: -6/37      AC:  5    Str: 20    XL:     4   Next: 52%
Magic:  6/6        EV: 13    Int: 12    God:
Gold:   188        SH:  0    Dex: 16    Spells: 0 memorised, 3 levels left

rFire  . . .     SeeInvis .     o - -3 dagger (curse)
rCold  . . .     Gourm    .     b - +1 leather armour
rNeg   . . .     Faith    .     (no shield)
rPois  .         Spirit   .     p - +0 helmet
rElec  .         Dismiss  .     (no cloak)
rCorr  .         Reflect  .     (no gloves)
SustAt +         Harm     .     (no boots)
MR     .....                    (no amulet)
Stlth  ++........               (no ring)
                                i - ring of wizardry

@: not resistant to hostile enchantments, unstealthy
A: high mp 1, sustain attributes
a: no special abilities


You were on level 4 of the Dungeon.
You were very hungry.

You visited 1 branch of the dungeon, and saw 4 of its levels.

You collected 188 gold pieces.

Inventory:

Hand Weapons
 a - a +0 rapier
 f - a cursed -3 spear
 n - a +3 short sword of holy wrath
 o - a cursed -3 dagger (weapon)
Missiles
 d - 3 throwing nets
 t - 7 javelins (quivered)
Armour
 b - a +1 leather armour (worn)
 c - a +0 helmet
 k - a +0 leather armour
 p - a +0 helmet (worn)
Jewellery
 i - a ring of wizardry (left hand)
Wands
 v - a wand of paralysis (13/24)
Scrolls
 j - 2 scrolls of identify
 l - a scroll of fear
 u - a scroll of teleportation
Potions
 e - a potion of curing
 h - a potion of magic {unknown}
 m - 2 potions of flight {unknown}
 q - a potion of mutation {unknown}
 r - 2 potions of heal wounds {unknown}
 s - a potion of cancellation {unknown}
Comestibles
 g - 2 slices of pizza


   Skills:
 + Level 2.5 Fighting
 + Level 3.3 Short Blades
 + Level 2.0 Throwing
 + Level 1.0 Armour
 + Level 3.5 Dodging
 + Level 1.2 Stealth


You had 3 spell levels left.
You didn't know any spells.

Dungeon Overview and Level Annotations

Branches:
Dungeon (4/15)
 Temple: D:4-7


Innate Abilities, Weirdness & Mutations

You have an increased reservoir of magic (+10% MP).
Your attributes are resistant to harm.


Message History

The iguana is moderately wounded.
The iguana closely misses you.
You closely miss the iguana.
The iguana is moderately wounded.
You barely miss the iguana.
The iguana is moderately wounded.
The iguana closely misses you.
You hit the iguana but do no damage.
The iguana is moderately wounded.
The iguana bites you but does no damage.
You barely miss the iguana.
The iguana is moderately wounded.
The iguana completely misses you.
You hit the iguana.
The iguana is heavily wounded.
The iguana bites you but does no damage.
You hit the iguana but do no damage.
The iguana is heavily wounded.
The iguana bites you!
You die...

#....>.....
#####..###.
#####..###.
#..........
###......#.
###......#.
#........#.
############......#.
#..@l...............
###########.......##
#.......##
#.......'.
#......†## #.......#
#.........
.......####
.##......


You could see an iguana.

Vanquished Creatures
  A worker ant (D:4)
  4 adders
  A worm (D:3)
  2 dart slugs
  4 giant geckos
  An orc (D:4)
  4 giant cockroaches
  7 hobgoblins
  4 jackals (D:2)
  9 kobolds
  A quokka (D:4)
  2 ball pythons
  4 bats
  4 giant newts
  3 goblins (D:2)
  3 rats (D:1)
54 creatures vanquished.

Vanquished Creatures (others)
  A kobold (D:1)
  A giant newt (D:3)
2 creatures vanquished.

Grand Total: 56 creatures vanquished

Notes
Turn   | Place    | Note
--------------------------------------------------------------
     0 | D:1      | macross the Demigod Gladiator began the quest for the Orb.
     0 | D:1      | Reached XP level 1. HP: 17/17 MP: 3/3
   182 | D:2      | Reached XP level 2. HP: 17/24 MP: 4/4
   607 | D:2      | Found a shadowy altar of Dithmenos.
   817 | D:2      | Reached XP level 3. HP: 12/29 MP: 5/5
  1009 | D:2      | Found a snail-covered altar of Cheibriados.
  2769 | D:3      | Found a radiant altar of Vehumet.
  3479 | D:3      | Reached XP level 4. HP: 37/37 MP: 6/6
  3587 | D:3      | You fall through a shaft!
  3644 | D:4      | Reached skill level 1 in Armour
  3665 | D:4      | Reached skill level 1 in Stealth
  3892 | D:4      | Mangled by an iguana

Vault maps used:
D:1:      minmay_arrival_stair_chambers
D:2:      grunt_dithmenos_smoke, lemuel_doored_altar, first_bread,
          kennysheep_generic_room_15
D:3:      fiery_altar_vehumet, minmay_liquid_box
D:4:      temple_hall

Skill      XL: |  1  2  3  4 |
---------------+-------------+-----
Fighting       | 2 |  2.5
Short Blades   | 3 |  3.3
Dodging        | 3 |  3.5
Armour         | 1 |  1.0
Stealth        | 1 |  1.2
Throwing       | 2 |  2.0

Action                   |  1- 3 |  4- 6 || total
-------------------------+-------+-------++-------
Melee: Rapier            |    34 |       ||    34
       Dagger            |   367 |    44 ||   411
       Short sword       |     2 |       ||     2
Throw: Javelin           |    11 |    11 ||    22
       Throwing net      |       |     2 ||     2
  Use: Scroll            |     8 |       ||     8
 Stab: Sleeping          |     4 |     1 ||     5
       Held in net/web   |       |     1 ||     1
  Eat: Bread ration      |     2 |       ||     2
Armor: Leather armour    |    84 |     7 ||    91
Dodge: Dodged            |   263 |    25 ||   288
